 Dungeon Crawl Stone Soup version 0.29-a0-1027-gcd8c55af63 (webtiles) character file.

Game seed: 9217951793816065178

630 Manisian the Trooper (level 7, -1/114 HPs)
             Began as an Ogre Berserker on Aug 12, 2022.
             Was a Priest of Trog.
             Slain by a centaur (3 damage)
             ... on level 5 of the Dungeon.
             The game lasted 00:20:05 (6201 turns).

Manisian the Trooper (Ogre Berserker)               Turns: 6201, Time: 00:20:05

Health: -1/114     AC:  3    Str: 22    XL:     7   Next: 48%
Magic:  7/7        EV: 10    Int:  8    God:    Trog [***...]
Gold:   242        SH:  0    Dex: 10    Spells: 6/6 levels left

rFire   . . .      SeeInvis +   q - +1 great mace
rCold   . . .      Faith    .   (shield currently unavailable)
rNeg    . . .      Spirit   .   b - +0 animal skin
rPois   .          Reflect  .   (helmet restricted)
rElec   .          Harm     .   (no cloak)
rCorr   .          Rampage  .   (gloves unavailable)
Will    .....                   (boots unavailable)
Stlth   ..........              (no amulet)
HPRegen 0.29/turn               k - ring of see invisible
MPRegen 0.10/turn               (no ring)

@: berserking (expiring), very quick
A: large, unfitting armour, tough skin 1
a: Renounce Religion, Berserk, Trog's Hand


You were on level 5 of the Dungeon.
You worshipped Trog.
Trog was most pleased with you.
You visited 1 branch of the dungeon, and saw 5 of its levels.

You collected 242 gold pieces.

Inventory:

Hand Weapons
 a - the +4 sling of Jeacs {vorpal, Int+4}
   (You found it on level 4 of the Dungeon)

   Any ammunition fired from it inflicts extra damage upon your enemies.
   Int:       It affects your intelligence (+4).
 q - a +1 great mace (weapon)
 t - a +1 hand axe
 u - a +0 falchion of electrocution
Missiles
 e - 2 javelins (quivered)
 i - 6 atropa-tipped darts
 r - 4 poisoned darts
Armour
 b - a +0 animal skin (worn)
Jewellery
 f - an amulet of the acrobat
 k - a ring of see invisible (left hand)
 l - a ring of fire
Scrolls
 g - a scroll of magic mapping
Potions
 c - 3 potions of flight
 d - 2 potions of brilliance
 h - a potion of magic
 j - a potion of attraction
 m - a potion of invisibility {unknown}
 o - a potion of curing
 p - a potion of haste {unknown}


   Skills:
 + Level 6.5 Fighting
 - Level 4.5 Axes
 - Level 0.2(2.4) Maces & Flails
 * Level 3.1 Ranged Weapons
 - Level 1.1 Throwing
 + Level 4.0 Dodging
 - Level 0.1 Stealth


You had 6 spell levels left.
You didn't know any spells.
Your spell library was empty.

Dungeon Overview and Level Annotations

Branches:
Dungeon (5/15)
 Temple: D:4-7

Altars:
Kikubaaqudgha
Qazlal


Innate Abilities, Weirdness & Mutations

You are too large for most types of armour.
You have tough skin. (AC +1)


Message History

A centaur comes into view.
The centaur shoots an arrow.
The arrow barely misses you.
The centaur wields a +0 shortbow.
The centaur shoots an arrow.
The arrow hits you.
You shoot a sling bullet. The sling bullet hits the centaur.
The centaur is lightly wounded.
The centaur shoots an arrow.
The arrow hits you!
The centaur shoots an arrow.
The arrow hits you!
You shoot a sling bullet.
The sling bullet barely misses the centaur.
The centaur shoots an arrow.
The arrow hits you.
The centaur shoots an arrow.
The arrow hits you!
The centaur shoots an arrow.
The arrow hits you!
The centaur shoots an arrow.
The arrow hits you!
* * * LOW HITPOINT WARNING * * *
The centaur shoots an arrow.
The arrow hits you!
* * * LOW HITPOINT WARNING * * *
The centaur shoots an arrow.
The arrow barely misses you.
You feel better.
Do you really want to go berserk while wielding the +4 sling of Jeacs {vorpal, Int+4}?
Okay, then.
q - a +1 great mace (weapon)
The centaur shoots an arrow.
The arrow hits you.
* * * LOW HITPOINT WARNING * * *
A red film seems to cover your vision as you go berserk!
You feel yourself moving faster!
You feel mighty!
The centaur shoots an arrow.
The arrow closely misses you.
The centaur shoots an arrow.
The arrow hits you!
* * * LOW HITPOINT WARNING * * *
A jelly comes into view.
You feel a strong urge to attack something.
The jelly quivers.
The centaur unwields a +0 shortbow.
The centaur hits you.
* * * LOW HITPOINT WARNING * * *
The centaur misses you.
You barely miss the centaur.
The centaur is lightly wounded.
The centaur unwields a +0 shortbow.
The centaur misses you. The centaur closely misses you.
The centaur hits you but does no damage.
The centaur kicks you.
You die...

#.# #####.#####
######### #.......).#
........###.###.###.#
#........##.......
#.##>###.#.....#(#
###.###.##.#
#(##...##
#......c...#
#.###.###.#
#.#####@####
#.........# #c#
#####.##### #J# #+#
..# .#.# c.... ## #..
... #...


You could see 2 centaurs and a jelly.

Vanquished Creatures
  An ogre (D:5)
  2 scorpions (D:5)
  2 hounds (D:4)
  2 orc priests (D:5)
  2 iguanas
  3 orc wizards
  Robin (D:3)
  5 adders
  A gnoll (D:1)
  An ufetubus (D:5)
  A worm (D:4)
  A dart slug (D:1)
  15 orcs
  6 bats
  6 endoplasms
  3 giant cockroaches
  17 goblins
  7 hobgoblins
  6 jackals (D:1)
  4 quokkas
  5 ball pythons
  2 frilled lizards
  7 kobolds
  5 rats
105 creatures vanquished.

Notes
Turn   | Place    | Note
-------+----------+-------------------------------------------
     0 | D:1      | Manisian the Ogre Berserker began the quest for the Orb.
     0 | D:1      | Reached XP level 1. HP: 24/24 MP: 1/1
    72 | D:1      | Reached XP level 2. HP: 32/32 MP: 2/2
   519 | D:1      | Reached XP level 3. HP: 26/41 MP: 3/3
  1507 | D:2      | Reached ** piety under Trog
  2023 | D:2      | Reached skill level 5 in Fighting
  2074 | D:2      | Reached XP level 4. HP: 34/50 MP: 4/4
  2227 | D:2      | You fall into a shaft and drop 2 floors!
  2287 | D:3      | Noticed Robin
  2293 | D:3      | Killed Robin
  2294 | D:3      | Reached skill level 1 in Throwing
  3111 | D:3      | Reached XP level 5. HP: 10/57 MP: 5/5
  4100 | D:4      | Found a large runed translucent door.
  4299 | D:4      | Identified the +4 sling of Jeacs {vorpal, Int+4}
  4329 | D:4      | Found a large runed translucent door.
  4340 | D:4      | Found a stormy altar of Qazlal.
  4358 | D:4      | Found an ancient bone altar of Kikubaaqudgha.
  4861 | D:4      | Reached XP level 6. HP: 56/66 MP: 6/6
  4927 | D:4      | Reached *** piety under Trog
  5188 | D:5      | Entered Level 5 of the Dungeon
  5297 | D:5      | Reached skill level 1 in Ranged Weapons
  5431 | D:5      | Reached skill level 6 in Fighting
  5585 | D:5      | Reached XP level 7. HP: 56/75 MP: 7/7
  6198 | D:5      | HP: 4/114 [centaur/arrow (11)]
  6199 | D:5      | HP: 1/114 [centaur (3)]
  6201 | D:5      | Slain by a centaur

Illustrated notes

Levels and vault maps discovered:
D:1:      dpeg_arrival_windows_large_door, layout_basic
D:2:      layout_basic
D:3:      layout_loops_ring, minmay_randomly_rotated_circles, uniq_robin
D:4:      layout_basic, jmf_multi_god_temple2, kennysheep_small_spiral
D:5:      layout_loops_corners, chequers_serial_rivers_room_b

Skill      XL: |  1  2  3  4  5  6  7 |
---------------+----------------------+-----
Dodging        | 3 4 |  4.0
Fighting       | 5 6 |  6.5
Throwing       | 1 |  1.1
Axes           | 4 |  4.5
Ranged Weapons | 2 3 |  3.1
Maces & Flails | |  0.2
Stealth        | |  0.1

Action                   |  1- 3 |  4- 6 |  7- 9 || total
-------------------------+-------+-------+-------++-------
Melee: Hand axe          |   118 |   111 |       ||   229
       Punch             |     1 |     1 |       ||     2
       Great mace        |       |    34 |     6 ||    40
 Fire: Sling             |       |    32 |    25 ||    57
Throw: Stone             |    23 |    21 |       ||    44
       Javelin           |       |     3 |       ||     3
Invok: Berserk           |     1 |     3 |     1 ||     5
  Use: Scroll            |     3 |     9 |       ||    12
       Potion            |       |       |     1 ||     1
 Stab: Sleeping          |       |     1 |       ||     1
Armor: Animal skin       |    30 |    31 |     2 ||    63
Dodge: Dodged            |    52 |    81 |    12 ||   145

Table legend: (Time is in decaauts)
 A = Elapsed time spent in this place.
 B = Non-inter-level travel time spent in this place.
 C = Inter-level travel time spent in this place.
 D = Time resting spent in this place.
 E = Time spent auto-exploring this place.
 F = Levels seen in this place.
 G = Mean time per level.
                   A        B        C        D        E       F      G
               +--------+--------+--------+--------+--------+-----+--------+
         Total |   6303 |   5827 |    476 |   2039 |   1458 |   5 | 1260.6 |
       Dungeon |   6303 |   5827 |    476 |   2039 |   1458 |   5 | 1260.6 |
               +--------+--------+--------+--------+--------+-----+--------+

Top non-repeatable levels by time:
     D:1: 1633 daAuts
     D:3: 1322 daAuts
     D:4: 1226 daAuts
     D:2: 1171 daAuts
     D:5: 950 daAuts
